 Dungeon Crawl Stone Soup version 0.29-a0-410-g9596d59a08 (webtiles) character file.

Game seed: 14397169347818888261

1726 Bruhh the Fighter (level 9, -6/90 HPs)
             Began as an Ogre Earth Elementalist on May 14, 2022.
             Was an Initiate of Ashenzari.
             Killed from afar by Maggie (22 damage)
             ... with a bolt of fire
             ... on level 8 of the Dungeon.
             The game lasted 00:16:31 (5992 turns).

Bruhh the Fighter (Ogre Earth Elementalist)         Turns: 5992, Time: 00:16:32

Health: -6/90      AC:  5    Str: 20    XL:     9   Next: 4%
Magic:  1/16       EV: 10    Int: 20    God:    Ashenzari [......]
Gold:   307        SH:  0    Dex: 15    Spells: 14/18 levels left

rFire   . . .      SeeInvis .   F - +2 quarterstaff (chaos)
rCold   . . .      Faith    .   (shield currently unavailable)
rNeg    . . .      Spirit   .   b - +0 robe
rPois   .          Reflect  .   (helmet restricted)
rElec   .          Harm     .   E - +1 cloak
rCorr   .          Rampage  .   (gloves unavailable)
Will    .....                   (boots unavailable)
Stlth   ++........              m - amulet of regeneration
HPRegen 1.05/turn               u - +6 ring of dexterity
MPRegen 0.15/turn               B - +6 ring of strength

@: no status effects
A: large, unfitting armour, tough skin 1, frail 1
a: Renounce Religion, Curse Item


You were on level 8 of the Dungeon.
You worshipped Ashenzari.
Ashenzari was noncommittal.
You visited 2 branches of the dungeon, and saw 8 of its levels.

You collected 307 gold pieces.

Inventory:

Hand Weapons
 d - a +1 short sword of draining
 F - a +2 quarterstaff of chaos (weapon)
Missiles
 a - 180 stones
 r - 2 throwing nets
Armour
 b - a +0 robe (worn)
 E - a +1 cloak (worn)
Jewellery
 c - a ring of positive energy
 g - a +4 ring of evasion
 m - an amulet of regeneration (around neck)
 p - a ring of positive energy
 t - a ring of resist corrosion
 u - a +6 ring of dexterity (left hand)
 B - a +6 ring of strength (right hand)
 C - a ring of protection from cold
Wands
 y - a wand of acid (9)
Scrolls
 f - a scroll of poison
 h - 2 scrolls of enchant armour
 i - 7 scrolls of identify
 j - 2 scrolls of vulnerability
 k - 3 scrolls of teleportation
 A - 2 scrolls of enchant weapon {unknown}
 D - a scroll of fog {unknown}
Potions
 e - 2 potions of curing
 l - a potion of attraction {unknown}
 n - a potion of haste {unknown}
 q - a potion of degeneration {unknown}


   Skills:
 + Level 9.8 Fighting
 - Level 1.7 Dodging
 - Level 1.4 Stealth
 - Level 5.0 Spellcasting
 - Level 5.0 Conjurations
 - Level 0.8 Transmutations
 - Level 5.0 Earth Magic


You had 14 spell levels left.
You knew the following spells:

 Your Spells              Type           Power      Damage    Failure   Level
a - Sandblast             Erth           50%        2d12      1%          1
b - Stone Arrow           Conj/Erth      50%        3d10      4%          3

Your spell library contained the following spells:

 Spells                   Type           Power      Damage    Failure   Level
 Passwall                 Tmut/Erth      13%        N/A       5%          2
 Ensorcelled Hibernation  Hex/Ice        10%        N/A       17%         2
 Gell's Gravitas          Tloc           5%         N/A       34%         3
 Lesser Beckoning         Tloc           5%         N/A       34%         3
 Swiftness                Air            5%         N/A       34%         3
 Teleport Other           Tloc           5%         N/A       34%         3
 Petrify                  Tmut/Erth      16%        N/A       34%         4


Dungeon Overview and Level Annotations

Branches:
Dungeon (6/15)             Temple (1/1) D:5            Lair (0/6) D:8

Altars:
Ashenzari
Elyvilon
Gozag
Kikubaaqudgha
Makhleb
Nemelex Xobeh
Okawaru
Ru
Sif Muna
Trog
Uskayaw
Vehumet
Wu Jian
Xom
Yredelemnul
Zin

Shops:
D:4 !   D:5 (   D:8 =:([

Annotations:
D:1 1 transporter
D:3 2 transporters
D:8 Maggie


Innate Abilities, Weirdness & Mutations

You are too large for most types of armour.
You have tough skin. (AC +1)
You are frail. (-10% HP)


Message History

Confirm with . or Enter, or press ? or * to list all spells.
Aiming: Sandblast (safe; 1% risk of failure)
Press: ? - help, Shift-Dir - straight line, f/p - Maggie
Aim: Maggie, wielding a +2 halberd of flaming and wearing +0 acid dragon scales (moderately wounded, 81% to hit)
The blast of sand hits Maggie!
Maggie is moderately wounded.
Maggie hits you from afar with a +2 halberd of flaming!
Maggie burns you.
Unknown command.
Casting: Sandblast (safe; 1% risk of failure)
Confirm with . or Enter, or press ? or * to list all spells.
Aiming: Sandblast (safe; 1% risk of failure)
Press: ? - help, Shift-Dir - straight line, f/p - Maggie
Aim: Maggie, wielding a +2 halberd of flaming and wearing +0 acid dragon scales (moderately wounded, 81% to hit)
The blast of sand hits Maggie.
Maggie is heavily wounded.
Maggie hits you from afar with a +2 halberd of flaming!
Maggie burns you.
* * * LOW HITPOINT WARNING * * *
Casting: Sandblast (safe; 1% risk of failure)
Confirm with . or Enter, or press ? or * to list all spells.
Aiming: Sandblast (safe; 1% risk of failure)
Press: ? - help, Shift-Dir - straight line, f/p - Maggie
Aim: Maggie, wielding a +2 halberd of flaming and wearing +0 acid dragon scales (heavily wounded, 81% to hit)
The blast of sand hits Maggie but does no damage.
Maggie is heavily wounded.
Maggie hits you from afar with a +2 halberd of flaming!
* * * LOW HITPOINT WARNING * * *
Maggie burns you.
* * * LOW HITPOINT WARNING * * *
Casting: Sandblast (safe; 1% risk of failure)
Confirm with . or Enter, or press ? or * to list all spells.
Aiming: Stone Arrow (mildly dangerous; 4% risk of failure)
Press: ? - help, Shift-Dir - straight line, f/p - Maggie
Aim: Maggie, wielding a +2 halberd of flaming and wearing +0 acid dragon scales (heavily wounded, 71% to hit)
The stone arrow hits Maggie!!
Maggie is severely wounded.
Maggie gestures at you while chanting. The bolt of fire hits you!!
You die...

*,** ###* #### **,**
##..* #..# **,*** #...*
#..# **,,** #..#* ##.##
**,,** ######..# #...#
**,,***#.......# ##..##
**,,,,........#####...##
**,.♣.♣)♣.♣...##......#
**..⌠.∩@§@.#.........##
*.♣.♣.♣.♣.###........#
*,,∩,⌠.∩.............##
*,*,♣.♣.♣..##.........#
*,,⌠.∩.⌠..####........#
******,♣.♣.♣.♣.#
##.......#
***,,,,,.........#
#......##
**,,,,,,,....*#.###
##....##
,,,,,,,,,,,*,,,,* #...##


You could see Maggie.

Vanquished Creatures
  An orc warrior (D:6)
  A black bear (D:6)
  4 wolves (D:8)
  3 centaurs
  A phantom (D:4)
  2 bullfrogs
  2 scorpions
  4 hounds
  2 orc priests
  A jelly (D:5)
  A gnoll shaman (D:8)
  Crazy Yiuf (D:6)
  An iguana (D:4)
  2 orc wizards
  4 gnolls (D:8)
  8 adders
  An ufetubus (D:4)
  3 worms
  A dart slug (D:3)
  9 orcs
  8 bats
  6 endoplasms
  4 giant cockroaches
  2 goblins
  6 hobgoblins
  2 jackals (D:2)
  4 kobolds
  2 quokkas (D:1)
  9 ball pythons
  5 frilled lizards
  A rat (D:1)
101 creatures vanquished.

Vanquished Creatures (collateral kills)
  A steam dragon (D:8)
1 creature vanquished.

Grand Total: 102 creatures vanquished

Notes
Turn   | Place    | Note
-------+----------+-------------------------------------------
     0 | D:1      | Bruhh the Ogre Earth Elementalist began the quest for the
                  | Orb.
     0 | D:1      | Reached XP level 1. HP: 16/16 MP: 3/3
   209 | D:1      | Reached XP level 2. HP: 24/24 MP: 5/5
   841 | D:1      | Reached XP level 3. HP: 31/31 MP: 3/7
  1187 | D:2      | Reached XP level 4. HP: 36/39 MP: 1/9
  1505 | D:2      | Found a faded altar of an unknown god.
  2058 | D:3      | Found a transporter.
  2138 | D:3      | Found a transporter.
  2608 | D:4      | Noticed a phantom
  2615 | D:4      | Killed a phantom
  2616 | D:4      | Reached XP level 5. HP: 38/45 MP: 4/12
  2806 | D:4      | Reached skill level 5 in Spellcasting
  2806 | D:4      | Reached XP level 6. HP: 53/53 MP: 11/13
  2810 | D:4      | Learned a level 3 spell: Stone Arrow
  3031 | D:4      | Found a white marble altar of Elyvilon.
  3051 | D:4      | Reached skill level 1 in Conjurations
  3210 | D:4      | Found Forysk's Distillery.
  3475 | D:5      | Entered Level 5 of the Dungeon
  3540 | D:5      | Found Kotyxkie's Weapon Emporium.
  3545 | D:5      | Reached skill level 5 in Earth Magic
  3810 | D:5      | Reached XP level 7. HP: 31/59 MP: 10/14
  4197 | D:5      | Found a staircase to the Ecumenical Temple.
  4508 | Temple   | Entered the Ecumenical Temple
  4616 | Temple   | Became a worshipper of Ashenzari the Shackled
  4890 | D:6      | Reached skill level 5 in Conjurations
  4890 | D:6      | Reached skill level 1 in Fighting
  4898 | D:6      | Reached skill level 2 in Fighting
  5093 | D:6      | Found a runed translucent door.
  5094 | D:6      | Noticed Crazy Yiuf
  5098 | D:6      | Killed Crazy Yiuf
  5099 | D:6      | Reached XP level 8. HP: 74/74 MP: 11/15
  5149 | D:6      | Reached skill level 3 in Fighting
  5153 | D:6      | You fall into a shaft and drop 2 floors!
  5268 | D:8      | Reached skill level 4 in Fighting
  5360 | D:8      | Reached skill level 5 in Fighting
  5540 | D:8      | Found a staircase to the Lair.
  5558 | D:8      | Reached skill level 6 in Fighting
  5564 | D:8      | Reached skill level 7 in Fighting
  5571 | D:8      | Gained mutation: You are frail. (-10% HP) [potion of
                  | mutation]
  5578 | D:8      | Reached skill level 8 in Fighting
  5603 | D:8      | Reached skill level 9 in Fighting
  5735 | D:8      | Reached XP level 9. HP: 81/90 MP: 1/16
  5837 | D:8      | Found Ciujigry's Jewellery Shop.
  5979 | D:8      | Found Yfusch's Book Boutique.
  5982 | D:8      | Found Kiett's Antique Armour Boutique.
  5982 | D:8      | Found Gelausho's Antique Weapon Boutique.
  5983 | D:8      | Noticed Maggie
  5992 | D:8      | Killed from afar by Maggie

Illustrated notes

Levels and vault maps discovered:
D:1:      spicycebolla_arrival_transporter_tutorial, layout_loops_cross,
          minmay_cupped
D:2:      layout_rooms, dreamdust_ecumenical_altar_angels_and_demons
D:3:      gammafunk_steamed_eel, layout_loops_corners
D:4:      layout_gridville, elyvilon_altar_3, serial_shops, shop
D:5:      layout_gridville, temple_statues, serial_shops,
          nicolae_shop_advertising_works [nicolae_subvault_shop_adworks]
D:6:      layout_loops_cross, hangedman_decor_push, serial_park_tiny_pond,
          kennysheep_generic_room_14, uniq_blork_the_orc,
          uniq_crazy_yiuf_cottage
D:8:      layout_cave_pods, erik_lair_island, serial_shops, shop, serial_glass,
          glass_columns_a, glass_columns_a, hex_tiny,
          dreamdust_princess_corridor, minmay_shop_grid_forest, uniq_maggie
Temple:   mainiacjoe_temple_bowtie_tessellation

Skill      XL: |  1  2  3  4  5  6  7  8 |
---------------+-------------------------+-----
Earth Magic    | 3 4 5 |  5.0
Spellcasting   | 3 4 5 |  5.0
Conjurations   | 3 5 |  5.0
Fighting       | 2 9 |  9.8
Dodging        | |  1.7
Stealth        | |  1.4
Transmutations | |  0.8

Action                   |  1- 3 |  4- 6 |  7- 9 || total
-------------------------+-------+-------+-------++-------
Melee: Short sword       |    31 |     6 |     3 ||    40
       Unarmed           |     5 |       |       ||     5
       Quarterstaff      |       |       |     5 ||     5
 Cast: Sandblast         |    37 |    81 |    41 ||   159
       Stone Arrow       |       |     1 |    31 ||    32
  Use: Potion            |       |     2 |     5 ||     7
       Scroll            |       |       |     7 ||     7
Armor: Robe              |    23 |     8 |    17 ||    48
Dodge: Dodged            |    33 |    26 |    39 ||    98

Table legend: (Time is in decaauts)
 A = Elapsed time spent in this place.
 B = Non-inter-level travel time spent in this place.
 C = Inter-level travel time spent in this place.
 D = Time resting spent in this place.
 E = Time spent auto-exploring this place.
 F = Levels seen in this place.
 G = Mean time per level.
                   A        B        C        D        E       F      G
               +--------+--------+--------+--------+--------+-----+--------+
         Total |   5994 |   5752 |    242 |      0 |   5006 |   8 |  749.2 |
       Dungeon |   5861 |   5636 |    225 |      0 |   4918 |   7 |  837.3 |
        Temple |    132 |    115 |     17 |      0 |     88 |   1 |  132.0 |
               +--------+--------+--------+--------+--------+-----+--------+

Top non-repeatable levels by time:
     D:5: 1075 daAuts
     D:1: 1050 daAuts
     D:3: 884 daAuts
     D:4: 882 daAuts
     D:8: 840 daAuts
     D:2: 658 daAuts
     D:6: 470 daAuts
  Temple: 132 daAuts
